 Dungeon Crawl Stone Soup version 0.21-a0-39-g28ea6b7 (webtiles) character file.

144 TheGoonsmith the Chopper (level 5, -5/41 HPs)
             Began as a Demonspawn Gladiator on May 30, 2017.
             Slain by an orc warrior
             ... wielding a +0 battleaxe
              (18 damage)
             ... on level 3 of the Dungeon.
             The game lasted 00:03:08 (2498 turns).

TheGoonsmith the Chopper (Demonspawn Gladiator)     Turns: 2498, Time: 00:03:09

Health: -5/41      AC:  9    Str: 21    XL:     5   Next: 5%
Magic:  5/5        EV:  8    Int:  9    God:
Gold:   78         SH:  0    Dex: 14    Spells: 4/4 levels left

rFire    . . .     SeeInvis .   a - +0 war axe
rCold    . . .     Gourm    .   (no shield)
rNeg     . . .     Faith    .   s - +0 chain mail
rPois    .         Spirit   .   c - +0 helmet
rElec    .         Reflect  .   (no cloak)
rCorr    .         Harm     .   (no gloves)
MR       .....                  (no boots)
Stlth    ..........             (no amulet)
Regen    0.2/turn               (no ring)
MPRegen  0.1/turn               (no ring)

@: mighty
A: hooves 1, powered by pain 1, spiny 1
a: no special abilities


You were on level 3 of the Dungeon.
You were not hungry.

You visited 1 branch of the dungeon, and saw 3 of its levels.

You collected 78 gold pieces.

Inventory:

Hand Weapons
 a - a +0 war axe (weapon)
Missiles
 d - 3 throwing nets (quivered)
Armour
 b - a +0 leather armour
 c - a +0 helmet (worn)
 s - a +0 chain mail (worn)
Jewellery
 m - an uncursed ring of poison resistance {unknown}
 o - an uncursed ring of protection from cold {unknown}
Scrolls
 e - 3 scrolls of identify {unknown}
 i - a scroll of remove curse {unknown}
 k - a scroll of magic mapping {unknown}
 n - a scroll of enchant weapon {unknown}
 q - a scroll of recharging {unknown}
 t - a scroll of random uselessness {unknown}
Potions
 u - a potion of lignification {unknown}
Comestibles
 f - 2 bread rations
 g - 2 fruits
 j - 2 royal jellies
 l - 2 meat rations
 p - a chunk of flesh


   Skills:
 + Level 3.4 Fighting
 - Level 4.0 Axes
 - Level 1.7 Throwing
 - Level 2.6 Dodging
 * Level 1.8 Unarmed Combat


You had 4 spell levels left.
You didn't know any spells.

Dungeon Overview and Level Annotations

Branches:
Dungeon (3/15)

Altars:
Hepliaklqana


Innate Abilities, Weirdness & Mutations

You have large cloven feet.
You sometimes gain a little power by taking damage.
You are partially covered in sharp spines.


Message History

You hit the orc warrior.
You kick the orc warrior, but do no damage.
The orc warrior is moderately wounded.
The orc warrior barely misses you.
Okay, then.
It was a potion of might.
You feel very mighty all of a sudden.
The orc wizard mumbles some strange words.
The orc wizard blinks!
The orc warrior hits you with a battleaxe!
* * * LOW HITPOINT WARNING * * *
It was a potion of curing.
You feel better.
You hit the orc warrior.
You kick the orc warrior, but do no damage.
The orc warrior is heavily wounded.
The orc warrior hits you but does no damage.
You slash the orc warrior!
The orc warrior is severely wounded.
The orc warrior hits you with a battleaxe!!
You die...

....# #.#
##############.#
#...........#
####.#########.#
.........# #.#
########♣ .........#
##.# #......P♣
.........# #.[#
#.####♣♣≈P .........#
#..#####.# ≈♣≈
.........#
#...@ooo.##≈P≈≈ ≈....
.........#
#.#####o.#...........
......####
#.#####..#.........≈
.....##
###.##..)......♣.Pooo♣≈
.....#
#......##...oo.≈≈P≈≈P≈≈
##.###
#########.####.#≈o≈≈≈≈≈
#.# #........♣≈≈≈≈≈ #.#
...####.....≈≈≈≈≈≈
#.### #......<..o♣P≈≈♣≈


You could see an orc warrior, an orc priest, an orc wizard and an orc.

Vanquished Creatures
  An orc wizard (D:2)
  5 adders
  An ooze (D:1)
  7 worms
  A dart slug (D:1)
  2 leopard geckos (D:1)
  An orc (D:2)
  A giant cockroach (D:1)
  4 hobgoblins
  2 ball pythons (D:2)
  6 bats
  3 frilled lizards
  6 goblins
  4 kobolds (D:2)
  5 rats
49 creatures vanquished.

Vanquished Creatures (others)
  A plant (D:3)
1 creature vanquished.

Grand Total: 50 creatures vanquished

Notes
Turn   | Place    | Note
-------+----------+-------------------------------------------
     0 | D:1      | TheGoonsmith the Demonspawn Gladiator began the quest for the Orb.
     0 | D:1      | Reached XP level 1. HP: 16/16 MP: 1/1
   326 | D:1      | Reached skill level 3 in Axes
   374 | D:1      | Gained mutation: You are partially covered in sharp spines. [demonic ancestry]
   374 | D:1      | Reached XP level 2. HP: 22/22 MP: 2/2
   862 | D:2      | Reached XP level 3. HP: 16/28 MP: 3/3
  1340 | D:2      | Found a hazy altar of Hepliaklqana.
  1741 | D:3      | Gained mutation: You have large cloven feet. [demonic ancestry]
  1741 | D:3      | Reached XP level 4. HP: 34/34 MP: 4/4
  1777 | D:3      | Reached skill level 4 in Axes
  1816 | D:3      | Reached skill level 1 in Unarmed Combat
  2033 | D:3      | Noticed an orc warrior
  2043 | D:2      | Gained mutation: You sometimes gain a little power by taking damage. [demonic ancestry]
  2043 | D:2      | Reached XP level 5. HP: 22/41 MP: 5/5
  2498 | D:3      | Slain by an orc warrior

Vault maps used:
D:1:      dpeg_arrival_orchard
D:2:      lemuel_doored_altar
D:3:      tso_oasis_becter, gammafunk_temple_overflow_pools,
          serial_bayou_ford_a, minmay_misc_feat_room, serial_bayou_pond_c

Skill      XL: |  1  2  3  4 |
---------------+-------------+-----
Axes           | 3 4 |  4.0
Fighting       | 3 |  3.4
Unarmed Combat | 1 |  1.8
Throwing       | |  1.7
Dodging        | |  2.6

Action                   |  1- 3 |  4- 6 || total
-------------------------+-------+-------++-------
Melee: War axe           |    62 |    40 ||   102
       Kick              |       |    12 ||    12
  Use: Potion            |       |     2 ||     2
 Stab: Sleeping          |     2 |       ||     2
  Eat: Chunk             |     1 |     4 ||     5
Armor: Leather armour    |     9 |    10 ||    19
       Chain mail        |       |     2 ||     2
Dodge: Dodged            |    34 |    21 ||    55
